 Dungeon Crawl Stone Soup version 0.21-a0-440-g28109cb (webtiles) character file.

2172 zeke the Cleaver (level 9, -3/74 HPs)
             Began as a Minotaur Fighter on Nov 11, 2017.
             Was a Follower of Okawaru.
             Slain by a wyvern zombie (8 damage)
             ... while paralysed by Grinder
             ... on level 6 of the Dungeon.
             The game lasted 00:12:19 (4147 turns).

zeke the Cleaver (Minotaur Fighter)                 Turns: 4147, Time: 00:12:20

Health: -3/74      AC: 10    Str: 23    XL:     9   Next: 11%
Magic:  0/8        EV:  2    Int:  5    God:    Okawaru [*.....]
Gold:   196        SH:  0    Dex: 11    Spells: 8/8 levels left

rFire    . . .     SeeInvis +   a - +1 war axe
rCold    . . .     Gourm    .   c - +0 shield
rNeg     . . .     Faith    .   b - +0 scale mail
rPois    .         Spirit   +   (helmet restricted)
rElec    .         Reflect  .   E - scarf {Spirit}
rCorr    .         Harm     .   D - +0 pair of gloves
MR       .....                  p - +0 pair of boots
Stlth    ..........             (no amulet)
HPRegen  0.22/turn              v - ring of flight
MPRegen  0.11/turn              i - ring of see invisible

@: paralysed
A: retaliatory headbutt, horns 2
a: Heroism, Renounce Religion, Evoke Flight


You were on level 6 of the Dungeon.
You worshipped Okawaru.
Okawaru was aware of your devotion.
You were hungry.

You visited 2 branches of the dungeon, and saw 7 of its levels.

You collected 196 gold pieces.

Inventory:

Hand Weapons
 a - a +1 war axe (weapon)
Missiles
 A - 5 tomahawks of returning (quivered)
Armour
 b - a +0 scale mail (worn)
 c - a +0 shield (worn)
 p - a +0 pair of boots (worn)
 D - a +0 pair of gloves (worn)
 E - a scarf of spirit shield (worn)
Jewellery
 i - a ring of see invisible (right hand)
 v - a ring of flight (left hand)
 w - an uncursed ring of magical power
 C - an uncursed ring of wizardry
Wands
 h - a wand of scattershot (5/9)
Scrolls
 e - 3 scrolls of remove curse
 l - a scroll of enchant armour {unknown}
 o - 3 scrolls of teleportation
 q - 2 scrolls of blinking {unknown}
 r - 7 scrolls of identify {unknown}
 t - 2 scrolls of amnesia {unknown}
 x - a scroll of fear {unknown}
 y - a scroll of recharging {unknown}
Potions
 d - a potion of might
 g - 3 potions of flight
 j - 4 potions of curing
 k - a potion of lignification
 z - a potion of heal wounds {unknown}
Comestibles
 f - 4 bread rations
 m - 2 meat rations
 n - 4 fruits
 s - 3 royal jellies


   Skills:
 + Level 5.3 Fighting
 * Level 11.1 Axes
 + Level 0.1 Throwing
 + Level 6.8 Armour
 + Level 2.0 Dodging
 + Level 0.5 Stealth
 + Level 6.4 Shields


You had 8 spell levels left.
You didn't know any spells.

Dungeon Overview and Level Annotations

Branches:
Dungeon (6/15)             Temple (1/1) D:5

Altars:
Ashenzari
Cheibriados
Dithmenos
Hepliaklqana
Makhleb
Okawaru
Qazlal
Ru
Sif Muna
Trog
Uskayaw
Wu Jian
Xom
Yredelemnul
The Shining One

Annotations:
D:6 Grinder


Innate Abilities, Weirdness & Mutations

You reflexively headbutt those who attack you in melee.
You have a pair of horns on your head.


Message History

The ice beast is almost dead.
You block the ice beast's attack.
You barely miss the ice beast.
You headbutt the ice beast, but do no damage.
The ice beast is almost dead.
Grinder gestures at you.
You suddenly lose the ability to move!
The ice beast hits you. The ice beast freezes you.
* * * LOW HITPOINT WARNING * * *
The wyvern zombie bites you but does no damage.
The ice beast hits you but does no damage.
The wyvern zombie bites you.
* * * LOW HITPOINT WARNING * * *
Grinder says, "You look like you could use a good racking."
The ice beast hits you.
* * * LOW HITPOINT WARNING * * *
The ice beast freezes you!
* * * LOW HITPOINT WARNING * * *
The wyvern zombie bites you!
You die...

,,,****,#..........#######
,,,,,,,...#.#.#.#.#....(.#
,,,,,,................####
,,,,,....#.#.#.#.#.#..#
,,,*,##...............#
**,*,**,#.#.#.#.#.#.#.#
,,,,,**,,,,...........#
**,****,,#.#.#.#.#.#..#
,,,,,,,,*......Z@.5...#
**,****,*.#.#.#Y#.#...#
*,,,,,,,,,,,,.........#
,,,,,**,*,,#.#.#.#....#
*,,*,**,,,..,.....#.#.#
****,**,,##*#.##.##.#.#
,,,,,,,,,* #.,..,,.#.#
****,***,* ##*##**,#,*
,,,*,* *,* *,*,*


You could see Grinder, an ice beast and a wyvern zombie.

Vanquished Creatures
  The ghost of jaclynhyde the Cleaver, a novice HOBe of Trog (D:5)
  Eustachio (D:4)
  Sigmund (D:6)
  An ogre (D:6)
  3 centaurs
  3 bullfrogs
  A scorpion (D:6)
  3 killer bees (D:4)
  4 crimson imps (D:5)
  A bullfrog zombie (D:2)
  2 orc priests
  A centaur skeleton (D:4)
  3 orc wizards
  A bullfrog skeleton (D:5)
  2 iguanas
  6 worker ants
  A hound zombie (D:5)
  10 adders
  An ooze (D:4)
  A worm (D:4)
  2 dart slugs
  4 leopard geckos
  14 orcs
  7 bats
  4 giant cockroaches
  5 goblins
  4 hobgoblins
  8 jackals
  5 kobolds
  5 quokkas
  A ball python (D:4)
  4 frilled lizards
  2 leopard gecko skeletons (D:4)
  8 rats
120 creatures vanquished.

Vanquished Creatures (others)
  An orc (D:3)
1 creature vanquished.

Grand Total: 121 creatures vanquished

Notes
Turn   | Place    | Note
-------+----------+-------------------------------------------
     0 | D:1      | zeke the Minotaur Fighter began the quest for the Orb.
     0 | D:1      | Reached XP level 1. HP: 19/19 MP: 0/0
    68 | D:1      | Reached XP level 2. HP: 27/27 MP: 1/1
   593 | D:2      | Found a snail-covered altar of Cheibriados.
   634 | D:2      | Reached skill level 3 in Axes
   634 | D:2      | Reached XP level 3. HP: 29/33 MP: 2/2
   790 | D:2      | Reached XP level 4. HP: 33/40 MP: 3/3
   890 | D:2      | Found a hazy altar of Hepliaklqana.
   893 | D:2      | Found a deep blue altar of Sif Muna.
   893 | D:2      | Found a bloodstained altar of Trog.
  1516 | D:3      | Reached XP level 5. HP: 15/46 MP: 4/4
  1793 | D:3      | Found a stormy altar of Qazlal.
  1794 | D:3      | Found a shadowy altar of Dithmenos.
  1920 | D:4      | Reached skill level 5 in Shields
  1926 | D:4      | Noticed Eustachio
  1936 | D:4      | Killed Eustachio
  1936 | D:4      | Reached skill level 5 in Axes
  1936 | D:4      | Reached skill level 5 in Armour
  1936 | D:4      | Reached XP level 6. HP: 52/53 MP: 5/5
  1992 | D:4      | Reached skill level 6 in Axes
  2018 | D:4      | Found a shattered altar of Ashenzari.
  2082 | D:4      | Reached skill level 1 in Dodging
  2082 | D:4      | Reached XP level 7. HP: 40/60 MP: 6/6
  2602 | D:4      | Reached skill level 7 in Axes
  2794 | D:5      | Entered Level 5 of the Dungeon
  3016 | D:5      | Reached skill level 8 in Axes
  3111 | D:5      | Noticed jaclynhyde's ghost (novice HOBe)
  3127 | D:5      | Killed jaclynhyde's ghost
  3127 | D:5      | Reached skill level 5 in Fighting
  3127 | D:5      | Reached skill level 9 in Axes
  3127 | D:5      | Reached XP level 8. HP: 68/68 MP: 7/7
  3260 | D:5      | Found a staircase to the Ecumenical Temple.
  3267 | D:5      | Reached skill level 10 in Axes
  3277 | Temple   | Entered the Ecumenical Temple
  3386 | Temple   | Became a worshipper of Warmaster Okawaru
  3811 | D:6      | Found a hide-covered altar of Uskayaw.
  4041 | D:6      | Reached * piety under Okawaru
  4041 | D:6      | Reached skill level 11 in Axes
  4041 | D:6      | Reached XP level 9. HP: 50/74 MP: 5/8
  4099 | D:6      | Noticed Sigmund
  4113 | D:6      | Killed Sigmund
  4135 | D:6      | Noticed Grinder
  4136 | D:6      | Paralysed by Grinder for 4 turns
  4144 | D:6      | Paralysed by Grinder for 5 turns
  4147 | D:6      | Slain by a wyvern zombie

Vault maps used:
D:1:      dpeg_arrival_long_road
D:2:      grunt_temple_overflow_open, cheibriados_altar_1
D:3:      gammafunk_temple_overflow_statue, first_bread
D:4:      nicolae_ashenzari_panopticon, uniq_eustachio
D:5:      minmay_temple_entry_nine_rooms, st_stairs_10
D:6:      nicolae_overflow_crystal_walls, hex_medium, glass_columns_a,
          uniq_sigmund, uniq_blork_the_orc, uniq_prince_ribbit1, uniq_grinder
Temple:   nicolae_temple_figure_eight

Skill      XL: |  1  2  3  4  5  6  7  8 |
---------------+-------------------------+-----
Fighting       | 4 5 |  5.3
Shields        | 4 5 6 |  6.4
Axes           | 3 5 6 9 11 | 11.1
Armour         | 4 5 6 |  6.8
Dodging        | 1 2 |  2.0
Throwing       | |  0.1
Stealth        | |  0.5

Action                   |  1- 3 |  4- 6 |  7- 9 || total
-------------------------+-------+-------+-------++-------
Melee: War axe           |    71 |   100 |   177 ||   348
       Headbutt          |     9 |    18 |    38 ||    65
Throw: Tomahawk          |       |       |     6 ||     6
  Use: Potion            |       |     4 |     3 ||     7
       Scroll            |       |     3 |     4 ||     7
  Eat: Chunk             |       |     4 |     6 ||    10
Armor: Scale mail        |    29 |    43 |    51 ||   123
       Skin              |       |       |    11 ||    11
Dodge: Dodged            |    23 |    32 |    41 ||    96
Block: Shield            |    53 |    53 |    84 ||   190

Table legend:
 A = Spawn XP
 B = Non-spawn XP
 C = Spawn XP percentage of total XP
 D = Spawn monster count
 E = Non-spawn monster count
 F = Spawn count percentage of total count
 G = Total turns spent on level
                    A         B        C        D         E        F      G
               +---------+---------+-------+---------+---------+-------+---------
         Total |       0 |    3104 |   0.0 |       0 |     121 |   0.0 |  4147
               +---------+---------+-------+---------+---------+-------+---------
           D:1 |       0 |      29 |   0.0 |       0 |      15 |   0.0 |   561
           D:2 |       0 |     103 |   0.0 |       0 |      22 |   0.0 |   616
           D:3 |       0 |      97 |   0.0 |       0 |      17 |   0.0 |   728
           D:4 |       0 |     664 |   0.0 |       0 |      27 |   0.0 |   889
           D:5 |       0 |    1565 |   0.0 |       0 |      28 |   0.0 |   881
           D:6 |       0 |     646 |   0.0 |       0 |      12 |   0.0 |   350
               +---------+---------+-------+---------+---------+-------+---------
